 Dungeon Crawl Stone Soup version 0.16.1-30-g34a7ffa (webtiles) character file.

8317 Yawgmoth the Grappler (level 11, -6/109 HPs)
             Began as a Troll Berserker on June 14, 2015.
             Was an Elder of Trog.
             Mangled by an orc warrior
             ... wielding a +0 war axe
             ... led by an orc knight
              (24 damage)
             ... on level 4 of the Orcish Mines.
             The game lasted 01:10:22 (8455 turns).

Yawgmoth the Grappler (Troll Berserker)             Turns: 8455, Time: 01:10:22

Health: -6/109     AC: 13    Str: 29      XL:     11   Next: 8%
Magic:  4/4        EV: 11    Int:  4      God:    Trog [****..]
Gold:   1233       SH:  0    Dex:  8 (11) Spells: 0 memorised, 10 levels left

rFire  . . .     SeeInvis .     V - +5 glaive (chop)
rCold  . . .     Clarity  .     D - +1 robe {MR+}
rNeg   . . .     SustAb   .     (shield restricted)
rPois  .         Gourm    +     (helmet restricted)
rElec  .         Spirit   .     v - +2 cloak {MR+}
rCorr  .         Warding  .     (gloves unavailable)
rMut   .         Stasis   .     (boots unavailable)
MR     ++...                    (no amulet)
Stlth  +.........               l - +2 ring of dexterity
                                C - +4 ring of protection

@: exhausted, slowed, very slow, very resistant to hostile enchantments, very
unstealthy
A: unfitting armour, claws 3, fast metabolism 3, gourmand, regeneration 2,
shaggy fur 1, tough skin 2
a: Burn Spellbooks, Berserk, Trog's Hand, Brothers in Arms, Renounce Religion


You were on level 4 of the Orcish Mines.
You worshipped Trog.
Trog was greatly pleased with you.
You were not hungry.

You visited 2 branches of the dungeon, and saw 13 of its levels.

You collected 1233 gold pieces.

Inventory:

Hand weapons
 J - the +4 hunting sling of the Countless Runes {speed, -Cast rF+ Dex+4}
   (You took it off an orc on level 5 of the Dungeon)

   Attacks with this weapon are significantly faster.
   It affects your dexterity (+4).
   It protects you from fire.
   It prevents spellcasting.
 V - a +5 glaive of chopping (weapon)
Missiles
 b - 2 poisoned tomahawks
 I - 22 tomahawks
 L - 10 javelins of returning (quivered)
 O - 75 sling bullets
 P - 54 stones
Armour
 v - a +2 cloak of magic resistance (worn)
 D - a +1 robe of magic resistance (worn)
Jewellery
 j - an uncursed ring of stealth
 l - a +2 ring of dexterity (right claw)
 C - a +4 ring of protection (left claw)
Magical devices
 t - a wand of random effects (12)
 u - a wand of confusion (27)
 z - a wand of fireball (2)
 F - a wand of disintegration (9)
 Q - a wand of polymorph (6)
 R - a wand of slowing (24)
Scrolls
 e - 4 scrolls of identify
 f - 4 scrolls of teleportation
 g - a scroll of remove curse
 h - 4 scrolls of enchant armour
 i - 2 scrolls of recharging
 m - 2 scrolls of enchant weapon
 n - a scroll of immolation
 y - a scroll of magic mapping
Potions
 d - a potion of might
 E - a potion of heal wounds
 H - 3 potions of agility
Comestibles
 a - 4 meat rations
 o - 4 bread rations
 q - 3 slices of pizza
 r - a royal jelly
 B - a beef jerky
 Z - 3 fruits


   Skills:
 + Level 7.3 Fighting
 + Level 4.4 Polearms
 + Level 7.1 Armour
 + Level 7.1 Dodging
 + Level 8.6 Unarmed Combat


You had 10 spell levels left.
You didn't know any spells.

Dungeon Overview and Level Annotations

Branches:
Dungeon (9/15)             Temple (0/1) D:4            Lair (0/8) D:9
    Orc (4/4) D:9
    Elf: Orc:3-4

Altars:
Cheibriados
Elyvilon
Fedhas
Gozag
Kikubaaqudgha
Makhleb
Okawaru
Ru
Sif Muna
Trog
Xom
Zin
Beogh

Shops:
D:7 :   Orc:1 (   Orc:3 !   Orc:4 (

Annotations:
Orc:4 Saint Roka


Innate Abilities, Weirdness & Mutations

You are too large for most types of armour.
You have claws for hands.
Your metabolism is lightning-fast.
You like to eat raw meat.
You heal very quickly.
You are covered in fur (AC +1).
You have very tough skin (AC +2).


Message History

The orc warrior barely misses you. The orc warrior closely misses you.
You are too berserk!
You feel a strong urge to attack something.
You are no longer berserk.
You are exhausted.
You feel yourself slow down.
Found Qumeschu Feol's Weapon Boutique.
Drink which item? (? for menu, Esc to quit)
You feel much better.
The orc warrior is no longer moving slowly.
The orc warrior hits you from afar with a trident!
Attack whom?
Press: ? - help, Dir - move target cursor, f - orc warrior
Aim: an orc warrior, wielding a war axe and wearing a plate armour (consumed by blood-lust)
You reach to attack!
You slash the orc warrior!
The orc warrior is heavily wounded.
The orc warrior hits you from afar with a trident!!
* * * LOW HITPOINT WARNING * * *
The orc warrior hits you with a war axe!!
You die...

.♣∩ .........
......♣.....
................
.................
................#
...............###
..................##
........@..........#
........o..........#
.........o†......##
..........).[.....#
............[....##
................##
........(.......#
........(..)...##
...........)....#


You could see 2 orc warriors.

Vanquished Creatures
  The ghost of heinrich the Dealer of Despair, an experienced DsNe of Kikubaaqudgha (D:9)
  An orc knight (Orc:4)
  An orc sorcerer (Orc:2)
  The ghost of Yawgmoth the Geomancer, an experienced GrEE of Vehumet (D:6)
  Joseph (D:8)
  A troll (Orc:4)
  A two-headed ogre (Orc:2)
  Eustachio (Orc:2)
  A hippogriff (D:8)
  Edmund (D:6)
  3 porcupines (D:9)
  An ice beast (D:8)
  A sky beast (D:8)
  10 orc warriors
  7 ogres
  2 centaurs
  Blork the orc (D:6)
  4 giant frogs
  A water moccasin zombie (D:8)
  A water moccasin skeleton (D:9)
  4 wights (D:7)
  4 killer bees (D:8)
  2 goliath beetles
  5 crimson imps
  14 orc wizards
  A giant frog zombie (D:6)
  Crazy Yiuf (D:2)
  2 giant frog skeletons
  11 orc priests
  3 jellies
  2 centaur zombies
  3 hell rats (D:9)
  An iguana (D:8)
  11 worker ants
  2 hounds
  2 quasits
  2 hound zombies
  Terence (D:3)
  A worker ant zombie (D:7)
  Robin (D:2)
  4 gnolls (D:6)
  8 adders
  2 river rats (D:9)
  2 shadow imps
  A giant mite (D:8)
  6 worms
  3 adder skeletons
  An adder zombie (D:6)
  7 giant geckos
  78 orcs
  6 ball pythons
  A bat skeleton (D:6)
  2 bat zombies (D:7)
  6 giant cockroaches
  10 hobgoblins
  16 jackals
  12 kobolds
  3 oozes
  5 quokkas
  12 bats
  5 giant newts
  23 goblins
  An orc zombie (D:9)
  2 quokka skeletons
  9 rats
339 creatures vanquished.

Vanquished Creatures (collateral kills)
  Urug (Orc:3)
  An orc warrior (Orc:2)
  2 goliath beetles (D:6)
  A killer bee (D:8)
  An orc priest (Orc:2)
  4 orc wizards
  3 gnolls (D:6)
  21 orcs
  A hobgoblin (Orc:3)
  A giant newt (D:6)
36 creatures vanquished.

Vanquished Creatures (others)
  A black bear (Orc:4)
  2 ogres
3 creatures vanquished.

Grand Total: 378 creatures vanquished

Notes
Turn   | Place    | Note
--------------------------------------------------------------
     0 | D:1      | Yawgmoth, the Troll Berserker, began the quest for the Orb.
     0 | D:1      | Reached XP level 1. HP: 22/22 MP: 1/1
   294 | D:1      | Reached XP level 2. HP: 29/29 MP: 1/1
   800 | D:2      | Reached XP level 3. HP: 34/36 MP: 2/2
   971 | D:2      | Noticed Robin
   973 | D:2      | Acquired Trog's second power
   990 | D:2      | Reached XP level 4. HP: 44/44 MP: 2/2
  1019 | D:2      | Killed Robin
  1110 | D:2      | Noticed Crazy Yiuf
  1118 | D:2      | Paralysed by Crazy Yiuf for 7 turns
  1130 | D:2      | Killed Crazy Yiuf
  1652 | D:3      | Reached XP level 5. HP: 42/53 MP: 2/2
  1929 | D:3      | Noticed Terence
  1937 | D:3      | Killed Terence
  2396 | D:4      | Reached skill level 4 in Unarmed Combat
  2495 | D:4      | Reached XP level 6. HP: 57/61 MP: 3/3
  2596 | D:4      | Found a snail-covered altar of Cheibriados.
  2622 | D:4      | Acquired Trog's third power
  2685 | D:4      | Found a staircase to the Ecumenical Temple.
  3050 | D:5      | Entered Level 5 of the Dungeon
  3137 | D:5      | Reached XP level 7. HP: 68/68 MP: 3/3
  3364 | D:5      | Reached skill level 5 in Unarmed Combat
  3423 | D:5      | Got a polished hunting sling
  3442 | D:5      | Identified the +4 hunting sling of the Countless Runes {speed, -Cast rF+ Dex+4} (You took it off an orc on level 5 of the Dungeon)
  3584 | D:6      | Noticed Blork the orc
  3591 | D:6      | Killed Blork the orc
  3642 | D:6      | Found an iron altar of Okawaru.
  3642 | D:6      | Noticed Edmund
  3649 | D:6      | Killed Edmund
  3649 | D:6      | Reached XP level 8. HP: 79/79 MP: 3/3
  3658 | D:6      | Found a white marble altar of Elyvilon.
  3660 | D:6      | Found a deep blue altar of Sif Muna.
  3661 | D:6      | Found a sacrificial altar of Ru.
  3665 | D:6      | Found a glowing silver altar of Zin.
  3665 | D:6      | Found a shimmering altar of Xom.
  3737 | D:6      | Received a gift from Trog
  3910 | D:6      | Found a burning altar of Makhleb.
  3947 | D:6      | Noticed Yawgmoth's ghost (experienced GrEE)
  3967 | D:6      | Killed Yawgmoth's ghost
  3967 | D:6      | Reached skill level 5 in Fighting
  3967 | D:6      | Reached skill level 5 in Armour
  3967 | D:6      | Reached skill level 6 in Unarmed Combat
  4037 | D:6      | Found a blossoming altar of Fedhas.
  4087 | D:6      | Reached skill level 5 in Dodging
  4416 | D:6      | Reached XP level 9. HP: 88/88 MP: 4/4
  4593 | D:6      | Found an opulent altar of Gozag.
  4645 | D:6      | Received a gift from Trog
  5021 | D:7      | Reached skill level 1 in Polearms
  5027 | D:7      | Reached skill level 7 in Unarmed Combat
  5242 | D:7      | Found Ottuec's Book Shoppe.
  5366 | D:7      | Found an ancient bone altar of Kikubaaqudgha.
  5497 | D:7      | You fall through a shaft for 2 floors!
  5497 | D:9      | Found a staircase to the Lair.
  5504 | D:9      | Noticed heinrich's ghost (experienced DsNe)
  5564 | D:9      | Killed heinrich's ghost
  5564 | D:9      | Reached XP level 10. HP: 94/100 MP: 4/4
  5947 | D:8      | Gained mutation: Your spells are a little easier to cast, but a little less powerful. [mutagenic meat]
  5948 | D:8      | Gained mutation: You are weak. (Str -2) [mutagenic meat]
  6082 | D:8      | Noticed Joseph
  6112 | D:8      | Killed Joseph
  6597 | D:8      | Lost mutation: Your spells are a little easier to cast, but a little less powerful. [potion of cure mutation]
  6597 | D:8      | Lost mutation: You are weak. (Str -2) [potion of cure mutation]
  6728 | D:9      | Found a staircase to the Orcish Mines.
  6759 | D:9      | Found a roughly hewn altar of Beogh.
  6810 | Orc:1    | Entered Level 1 of the Orcish Mines
  6810 | Orc:1    | Found Umism's Weapon Shop.
  6867 | Orc:1    | Reached skill level 8 in Unarmed Combat
  7222 | Orc:2    | Noticed Eustachio
  7231 | Orc:2    | Killed Eustachio
  7414 | Orc:2    | Noticed an orc sorcerer
  7426 | Orc:2    | Killed an orc sorcerer
  7712 | Orc:3    | Noticed Urug
  7715 | Orc:3    | Killed Urug
  7846 | Orc:3    | Found a bloodstained altar of Trog.
  7901 | Orc:3    | Found Kiluaf's Distillery.
  8295 | Orc:4    | Entered Level 4 of the Orcish Mines
  8297 | Orc:4    | Noticed Saint Roka
  8328 | Orc:4    | Reached XP level 11. HP: 22/109 MP: 4/4
  8453 | Orc:4    | Found Qumeschu Feol's Weapon Boutique.
  8455 | Orc:4    | Mangled by an orc warrior

Action                   |  1- 3 |  4- 6 |  7- 9 | 10-12 || total
-------------------------+-------+-------+-------+-------++-------
Melee: Unarmed           |    78 |   211 |   350 |   186 ||   825
       Giant spiked club |       |       |     2 |       ||     2
       Spear             |       |       |     1 |       ||     1
       Glaive            |       |       |       |    79 ||    79
 Fire: Hunting sling     |       |       |     2 |       ||     2
Invok: Berserk           |     2 |     4 |    10 |    13 ||    29
       Trog's Hand       |     1 |       |     5 |    16 ||    22
       Brothers in Arms  |       |       |     3 |     9 ||    12
       Burn Spellbooks   |       |       |       |     1 ||     1
Evoke: Wand              |       |       |       |     2 ||     2
  Use: Scroll            |       |       |     9 |     5 ||    14
       Potion            |       |       |     2 |    10 ||    12
 Stab: Sleeping          |     4 |     5 |       |       ||     9
       Distracted        |       |     1 |       |       ||     1
  Eat: Chunk             |    11 |    24 |    27 |    49 ||   111
       Meat ration       |     1 |       |       |       ||     1
